[Event "ESTCC 65 2019"]
[Site "Mali Losinj"]
[Date "2019.09.25"]
[Round "8.13"]
[White "Renman, Nils-Gustaf"]
[Black "Lofgren, Claes"]
[Result "1-0"]
[ECO "E18"]
[WhiteElo "2340"]
[BlackElo "2059"]
[Annotator "NA"]
[PlyCount "79"]
[EventDate "2019.09.18"]
[EventType "team-tourn"]
[EventCountry "CRO"]
[SourceTitle "playchess.com"]
[Source "ChessBase"]
[SourceQuality "1"]
[WhiteTeam "Sweden"]
[BlackTeam "Denmark"]
[WhiteTeamCountry "SWE"]
[BlackTeamCountry "DEN"]
[TimeControl "40/5400+30:1800+30"]

1. d4 Nf6 2. Nf3 e6 3. c4 b6 4. g3 Bb7 5. Bg2 Be7 6. O-O O-O 7. Nc3 Ne4 8. Bd2 f5 9. d5 Bf6 10. Rc1 Qe7 11. Ne1 Nxc3 12. Bxc3 d6 13. dxe6 Bxg2 14. Nxg2 Bxc3 15. Rxc3 Qxe6 16. Qd5 Qxd5 17. cxd5 Na6 18. a3 Rfe8 19. e3 Re7 20. b4 Kf7 21. h4 Ke8 22. Nf4 Kd7 23. Rfc1 Kc8 24. Ne2 Kb7 25. f4 Rae8 26. Kf2 Rf7 27. Nd4 h5 28. Kf3 g6 29. Ne6 Kb8 30. Rc6 Rfe7 31. e4 fxe4+ 32. Kxe4 Kb7 33. f5 gxf5+ 34. Kxf5 Rf7+ 35. Kg6 Rf3 36. R6c3 Rg8+ 37. Ng7 Rxc3 38. Rxc3 Nb8 39. Kh7 Rf8 40. Rxc7+ 1-0

[Event "ESTCC 65 2019"]
[Site "Mali Losinj"]
[Date "2019.09.25"]
[Round "8.14"]
[White "Nielsen, Jorgen Lovgren"]
[Black "Wahlbom, Magnus"]
[Result "0-1"]
[ECO "B85"]
[WhiteElo "2052"]
[BlackElo "2255"]
[Annotator "NA"]
[PlyCount "110"]
[EventDate "2019.09.18"]
[EventType "team-tourn"]
[EventCountry "CRO"]
[SourceTitle "playchess.com"]
[Source "ChessBase"]
[SourceQuality "1"]
[WhiteTeam "Denmark"]
[BlackTeam "Sweden"]
[WhiteTeamCountry "DEN"]
[BlackTeamCountry "SWE"]
[TimeControl "40/5400+30:1800+30"]

1. e4 c5 2. Nf3 d6 3. d4 cxd4 4. Nxd4 Nf6 5. Nc3 a6 6. Be2 e6 7. O-O Be7 8. Be3 Qc7 9. f4 O-O 10. Bf3 Nc6 11. Nb3 b5 12. a3 Bb7 13. Qd2 Rfe8 14. Qf2 Rab8 15. Bb6 Qc8 16. Rad1 Ba8 17. Be3 Qc7 18. g4 Nd7 19. g5 Bf8 20. h4 Nb6 21. Kh1 Nc4 22. Bc1 Qb6 23. Qe2 g6 24. h5 Bg7 25. hxg6 hxg6 26. Qd3 Rbc8 27. Bg2 a5 28. a4 Nb4 29. Qh3 bxa4 30. Nxa4 Qc6 31. Nc3 Nxc2 32. Rf2 Qb6 33. Rxc2 Qxb3 34. Qd3 Red8 35. f5 Ne5 36. Qe2 exf5 37. exf5 Bxg2+ 38. Qxg2 gxf5 39. Rf1 Rc4 40. Bf4 Ng6 41. Rcf2 Bxc3 42. bxc3 Rxc3 43. Rb2 Qc4 44. Bh2 Rc1 45. Rbf2 f4 46. Qf3 Rxf1+ 47. Rxf1 d5 48. Bxf4 Qxf4 49. Qxf4 Nxf4 50. Rxf4 d4 51. Rf2 d3 52. Rd2 a4 53. Kg2 a3 54. Kf2 a2 55. Rd1 Re8 0-1

[Event "ESTCC 65 2019"]
[Site "Mali Losinj"]
[Date "2019.09.25"]
[Round "8.15"]
[White "Hammar, Bengt"]
[Black "Nielsen, Preben Lovgren"]
[Result "1-0"]
[ECO "C70"]
[WhiteElo "2161"]
[BlackElo "2007"]
[Annotator "NA"]
[PlyCount "51"]
[EventDate "2019.09.18"]
[EventType "team-tourn"]
[EventCountry "CRO"]
[SourceTitle "playchess.com"]
[Source "ChessBase"]
[SourceQuality "1"]
[WhiteTeam "Sweden"]
[BlackTeam "Denmark"]
[WhiteTeamCountry "SWE"]
[BlackTeamCountry "DEN"]
[TimeControl "40/5400+30:1800+30"]

1. e4 e5 2. Nf3 Nc6 3. Bb5 a6 4. Ba4 b5 5. Bb3 Na5 6. O-O d6 7. d4 Nxb3 8. axb3 exd4 9. Nxd4 Bb7 10. c4 b4 11. Re1 Qd7 12. Nd2 O-O-O 13. Nc2 c5 14. Ne3 Nf6 15. Nd5 Nxd5 16. cxd5 Kb8 17. Nc4 f5 18. f3 h6 19. Qd3 Qf7 20. Na5 fxe4 21. fxe4 Qc7 22. Nxb7 Qxb7 23. Rxa6 g5 24. Be3 Bg7 25. Rea1 Be5 26. R1a5 1-0

[Event "ESTCC 65 2019"]
[Site "Mali Losinj"]
[Date "2019.09.25"]
[Round "8.16"]
[White "Fabrin, Morten"]
[Black "Malmdin, Nils-Ake"]
[Result "0-1"]
[ECO "A34"]
[WhiteElo "1998"]
[BlackElo "2142"]
[Annotator "NA"]
[PlyCount "80"]
[EventDate "2019.09.18"]
[EventType "team-tourn"]
[EventCountry "CRO"]
[SourceTitle "playchess.com"]
[Source "ChessBase"]
[SourceQuality "1"]
[WhiteTeam "Denmark"]
[BlackTeam "Sweden"]
[WhiteTeamCountry "DEN"]
[BlackTeamCountry "SWE"]
[TimeControl "40/5400+30:1800+30"]

1. c4 c5 2. Nc3 b6 3. Nf3 Bb7 4. e4 g6 5. d4 cxd4 6. Nxd4 Bg7 7. Be3 Nf6 8. f3 d6 9. Be2 Nbd7 10. Qd2 h6 11. Rc1 a6 12. b3 Nc5 13. O-O Rc8 14. Rfd1 h5 15. Nc2 Ncd7 16. Nb4 O-O 17. Nbd5 Kh7 18. Nxf6+ Nxf6 19. e5 dxe5 20. Qxd8 Rfxd8 21. Bxb6 Rd6 22. c5 Rd4 23. Bc4 e6 24. Ne2 Rxd1+ 25. Rxd1 Nd5 26. Bxd5 exd5 27. Nc3 d4 28. Ne4 Bxe4 29. fxe4 f5 30. exf5 gxf5 31. b4 e4 32. Kf2 d3 33. g3 Bd4+ 34. Kf1 Bc3 35. a3 Bb2 36. a4 Bc3 37. b5 axb5 38. axb5 Bd4 39. Rc1 Be3 40. Rc4 Ra8 0-1

[Event "ESTCC 65 2019"]
[Site "Mali Losinj"]
[Date "2019.09.25"]
[Round "8.17"]
[White "Huss, Andreas"]
[Black "Grahn, Lars"]
[Result "1/2-1/2"]
[ECO "A80"]
[WhiteElo "2261"]
[BlackElo "2024"]
[Annotator "ChessBase"]
[PlyCount "98"]
[EventDate "2019.09.18"]
[EventType "team-tourn"]
[EventCountry "CRO"]
[SourceTitle "playchess.com"]
[Source "ChessBase"]
[SourceQuality "1"]
[WhiteTeam "Switzerland"]
[BlackTeam "Sweden"]
[WhiteTeamCountry "SUI"]
[BlackTeamCountry "SWE"]
[TimeControl "40/5400+30:1800+30"]

1. d4 f5 2. Nc3 Nf6 3. Bg5 d5 4. e3 e6 5. Nce2 Be7 6. Bxf6 Bxf6 7. f4 c5 8. c3 b6 9. Nc1 O-O 10. Nf3 c4 11. Be2 Nc6 12. O-O Bd7 13. b4 b5 14. Ne5 a5 15. bxa5 Rxa5 16. Bf3 Ra3 17. Ne2 Bxe5 18. dxe5 Qa5 19. Qd2 Ne7 20. Rfc1 Ra8 21. Rc2 Rb8 22. Rb1 Ra8 23. Rbb2 Rb8 24. h3 Ra4 25. Rc1 Ra8 26. Ra1 Rb8 27. Kh2 Kh8 28. Nd4 Ra3 29. Rc1 Ra8 30. Rcc2 Rb8 31. g4 g6 32. Qe1 Qd8 33. Qh4 Nc6 34. Qe1 Nxd4 35. exd4 b4 36. Qb1 b3 37. axb3 Raxb3 38. Rxb3 Rxb3 39. Qe1 Qe7 40. gxf5 gxf5 41. Rg2 Qf8 42. Bh5 Be8 43. Bd1 Rb1 44. Qd2 Qh6 45. Be2 Qh4 46. Qe3 Re1 47. Qd2 Bg6 48. Bf3 Rb1 49. Rg3 Rb3 1/2-1/2

[Event "ESTCC 65 2019"]
[Site "Mali Losinj"]
[Date "2019.09.25"]
[Round "8.18"]
[White "Wademark, Helge"]
[Black "Vucenovic, Dragomir"]
[Result "0-1"]
[ECO "C54"]
[WhiteElo "1994"]
[BlackElo "2154"]
[Annotator "NA"]
[PlyCount "60"]
[EventDate "2019.09.18"]
[EventType "team-tourn"]
[EventCountry "CRO"]
[SourceTitle "playchess.com"]
[Source "ChessBase"]
[SourceQuality "1"]
[WhiteTeam "Sweden"]
[BlackTeam "Switzerland"]
[WhiteTeamCountry "SWE"]
[BlackTeamCountry "SUI"]
[TimeControl "40/5400+30:1800+30"]

1. e4 e5 2. Nf3 Nc6 3. Bc4 Bc5 4. c3 Nf6 5. d4 exd4 6. e5 d5 7. Bb5 Ne4 8. cxd4 Be7 9. O-O O-O 10. Be3 f5 11. exf6 Bxf6 12. Bxc6 bxc6 13. Ne5 Qe8 14. Nd3 Nd6 15. b3 Nf5 16. Re1 Nxe3 17. fxe3 Qg6 18. Nc3 Bg4 19. Qd2 Rae8 20. Nf4 Qh6 21. Rf1 Bg5 22. g3 Bc8 23. Rae1 Qd6 24. Na4 h5 25. Nxh5 Rxf1+ 26. Kxf1 Bh3+ 27. Kg1 Qe6 28. Kf2 Qe4 29. Nf4 Bxf4 30. gxf4 Qg2# 0-1

[Event "ESTCC 65 2019"]
[Site "Mali Losinj"]
[Date "2019.09.25"]
[Round "8.19"]
[White "Hohler, Peter"]
[Black "Bernhardsson, Sten"]
[Result "1/2-1/2"]
[ECO "D36"]
[WhiteElo "2047"]
[BlackElo "1956"]
[Annotator "NA"]
[PlyCount "56"]
[EventDate "2019.09.18"]
[EventType "team-tourn"]
[EventCountry "CRO"]
[SourceTitle "playchess.com"]
[Source "ChessBase"]
[SourceQuality "1"]
[WhiteTeam "Switzerland"]
[BlackTeam "Sweden"]
[WhiteTeamCountry "SUI"]
[BlackTeamCountry "SWE"]
[TimeControl "40/5400+30:1800+30"]

1. d4 Nf6 2. c4 e6 3. Nc3 d5 4. cxd5 exd5 5. Bg5 Be7 6. e3 O-O 7. Bd3 Nbd7 8. Nf3 Re8 9. Qc2 Nf8 10. O-O c6 11. Rab1 Ng4 12. Bxe7 Qxe7 13. b4 a6 14. a4 Bd7 15. b5 axb5 16. axb5 Ng6 17. bxc6 bxc6 18. Na4 Nh4 19. Nxh4 Qxh4 20. h3 Nf6 21. Nb6 Bxh3 22. Nxa8 Bxg2 23. Kxg2 Qg4+ 24. Kh2 Qh4+ 25. Kg2 Qg4+ 26. Kh2 Qh4+ 27. Kg2 Qg4+ 28. Kh2 Qh4+ 1/2-1/2

[Event "ESTCC 65 2019"]
[Site "Mali Losinj"]
[Date "2019.09.25"]
[Round "8.20"]
[White "Nordenstrom, Sven"]
[Black "Illi, Hans-Joerg"]
[Result "1/2-1/2"]
[ECO "A25"]
[WhiteElo "1874"]
[BlackElo "1987"]
[Annotator "NA"]
[PlyCount "60"]
[EventDate "2019.09.18"]
[EventType "team-tourn"]
[EventCountry "CRO"]
[SourceTitle "playchess.com"]
[Source "ChessBase"]
[SourceQuality "1"]
[WhiteTeam "Sweden"]
[BlackTeam "Switzerland"]
[WhiteTeamCountry "SWE"]
[BlackTeamCountry "SUI"]
[TimeControl "40/5400+30:1800+30"]

1. c4 e5 2. g3 Nc6 3. Bg2 f5 4. d3 Nf6 5. Nc3 Bb4 6. Bd2 O-O 7. e3 Ne7 8. Qb3 c5 9. Nge2 d6 10. Rd1 Rb8 11. O-O Be6 12. Nd5 Bxd2 13. Nxe7+ Qxe7 14. Rxd2 b5 15. Qc2 d5 16. cxb5 Rxb5 17. d4 cxd4 18. exd4 e4 19. Nf4 Bf7 20. Re1 Qb7 21. Bf1 Rb4 22. Ng2 Qb6 23. Qc3 Be6 24. b3 Rc8 25. Qb2 a5 26. Qa1 Nd7 27. Ne3 Qa7 28. Nc2 Rb6 29. Ne3 Rb4 30. Nc2 Rb6 1/2-1/2

[Event "ESTCC 65 2019"]
[Site "Mali Losinj"]
[Date "2019.09.25"]
[Round "8.21"]
[White "James, Kevin"]
[Black "Rooze, Jan"]
[Result "0-1"]
[ECO "E20"]
[WhiteElo "1959"]
[BlackElo "2281"]
[Annotator "NA"]
[PlyCount "26"]
[EventDate "2019.09.18"]
[EventType "team-tourn"]
[EventCountry "CRO"]
[SourceTitle "playchess.com"]
[Source "ChessBase"]
[SourceQuality "1"]
[WhiteTeam "Ireland"]
[BlackTeam "Belgium"]
[WhiteTeamCountry "IRL"]
[BlackTeamCountry "BEL"]
[TimeControl "40/5400+30:1800+30"]

1. d4 Nf6 2. c4 e6 3. Nc3 Bb4 4. f3 c5 5. d5 O-O 6. e4 d6 7. Nge2 b5 8. Ng3 exd5 9. exd5 Nbd7 10. Kf2 bxc4 11. Nce4 Nxe4+ 12. fxe4 Ne5 13. Bg5 Qxg5 0-1

[Event "ESTCC 65 2019"]
[Site "Mali Losinj"]
[Date "2019.09.25"]
[Round "8.22"]
[White "Van Herck, Marcel"]
[Black "Egan, Colm"]
[Result "1-0"]
[ECO "A44"]
[WhiteElo "2088"]
[BlackElo "1710"]
[Annotator "NA"]
[PlyCount "61"]
[EventDate "2019.09.18"]
[EventType "team-tourn"]
[EventCountry "CRO"]
[SourceTitle "playchess.com"]
[Source "ChessBase"]
[SourceQuality "1"]
[WhiteTeam "Belgium"]
[BlackTeam "Ireland"]
[WhiteTeamCountry "BEL"]
[BlackTeamCountry "IRL"]
[TimeControl "40/5400+30:1800+30"]

1. d4 c5 2. d5 d6 3. e4 e5 4. g3 Nf6 5. Bg2 Be7 6. Nc3 Bd7 7. a4 Na6 8. f4 Bg4 9. Bf3 Bxf3 10. Nxf3 exf4 11. gxf4 Ng4 12. O-O Bf6 13. Qe2 O-O 14. h3 Nh6 15. Be3 Re8 16. Ng5 Nb4 17. Rae1 Qd7 18. Qg2 a6 19. Kh2 b5 20. axb5 axb5 21. Rf3 Na6 22. e5 Bxg5 23. Qxg5 Qf5 24. Rg1 Qxc2+ 25. Rg2 Qg6 26. Nxb5 Nf5 27. Bf2 dxe5 28. fxe5 Rxe5 29. Qf4 Qf6 30. Bh4 Qxh4 31. Qxe5 1-0

[Event "ESTCC 65 2019"]
[Site "Mali Losinj"]
[Date "2019.09.25"]
[Round "8.23"]
[White "Cassidy, Sydney"]
[Black "Van de Wynkele, Herman"]
[Result "0-1"]
[ECO "A07"]
[WhiteElo "1599"]
[BlackElo "2085"]
[Annotator "NA"]
[PlyCount "104"]
[EventDate "2019.09.18"]
[EventType "team-tourn"]
[EventCountry "CRO"]
[SourceTitle "playchess.com"]
[Source "ChessBase"]
[SourceQuality "1"]
[WhiteTeam "Ireland"]
[BlackTeam "Belgium"]
[WhiteTeamCountry "IRL"]
[BlackTeamCountry "BEL"]
[TimeControl "40/5400+30:1800+30"]

1. Nf3 g6 2. g3 Bg7 3. Bg2 c5 4. O-O d5 5. d3 e5 6. e4 Ne7 7. Nbd2 Nbc6 8. c3 O-O 9. a3 h6 10. Re1 Be6 11. b3 Qd7 12. Bb2 dxe4 13. dxe4 Rad8 14. Qc2 g5 15. Nf1 Qd3 16. Qxd3 Rxd3 17. N3d2 Rfd8 18. Re2 g4 19. b4 h5 20. Rc1 Bh6 21. Rc2 c4 22. f3 Ng6 23. Kf2 Nce7 24. Bc1 b5 25. Nb1 Bxc1 26. Rxc1 gxf3 27. Bxf3 Rxf3+ 28. Kxf3 Bg4+ 29. Kf2 Bxe2 30. Kxe2 f5 31. exf5 Nxf5 32. Nfd2 h4 33. gxh4 Nf4+ 34. Kf1 Nd3 35. Re1 Nxe1 36. Kxe1 Nxh4 37. Ke2 Rd3 38. Nf1 Nf3 39. Ng3 Nxh2 40. Ne4 Nf3 41. Nc5 Ng1+ 42. Ke1 Rh3 43. a4 bxa4 44. Nxa4 Nf3+ 45. Kf2 e4 46. Nc5 Ng5 47. Ke2 Kf7 48. Nb7 Ke6 49. Na5 Kd5 50. Nb7 Ne6 51. Kd2 e3+ 52. Ke2 Nf4+ 0-1

[Event "ESTCC 65 2019"]
[Site "Mali Losinj"]
[Date "2019.09.25"]
[Round "8.24"]
[White "Schrickx, Frank"]
[Black "Durkan, Joe"]
[Result "1/2-1/2"]
[ECO "C68"]
[WhiteElo "1813"]
[BlackElo "1459"]
[Annotator "NA"]
[PlyCount "86"]
[EventDate "2019.09.18"]
[EventType "team-tourn"]
[EventCountry "CRO"]
[SourceTitle "playchess.com"]
[Source "ChessBase"]
[SourceQuality "1"]
[WhiteTeam "Belgium"]
[BlackTeam "Ireland"]
[WhiteTeamCountry "BEL"]
[BlackTeamCountry "IRL"]
[TimeControl "40/5400+30:1800+30"]

1. e4 e5 2. Nf3 Nc6 3. Bb5 a6 4. Bxc6 bxc6 5. O-O d6 6. d4 Bg4 7. dxe5 Bxf3 8. Qxf3 dxe5 9. Qc3 Qd6 10. Nd2 f6 11. Nb3 Ne7 12. Be3 Nd5 13. exd5 cxd5 14. Bc5 Qc6 15. Bxf8 Qxc3 16. bxc3 Rxf8 17. Nc5 Ke7 18. Rfb1 Kd6 19. Nb7+ Kd7 20. Rb3 f5 21. Rab1 Rf6 22. Nc5+ Kc6 23. Nd3 e4 24. Nf4 g5 25. Ne2 h5 26. Rb8 Rxb8 27. Rxb8 Kd7 28. h4 gxh4 29. Nf4 h3 30. gxh3 Kc6 31. Nxh5 Rh6 32. Nf4 Rh4 33. Ne2 Rxh3 34. Nd4+ Kc5 35. Nxf5 Rxc3 36. Rb2 d4 37. Kf1 Rf3 38. Nxd4 Kxd4 39. Ke2 Kc3 40. Rb7 c5 41. Rb6 Kxc2 42. Rxa6 Kb2 43. Rc6 Kxa2 1/2-1/2

[Event "ESTCC 65 2019"]
[Site "Mali Losinj"]
[Date "2019.09.25"]
[Round "8.25"]
[White "Singer, Hans"]
[Black "Peltola, Leo"]
[Result "1-0"]
[ECO "D36"]
[WhiteElo "2184"]
[BlackElo "1966"]
[Annotator "NA"]
[PlyCount "89"]
[EventDate "2019.09.18"]
[EventType "team-tourn"]
[EventCountry "CRO"]
[SourceTitle "playchess.com"]
[Source "ChessBase"]
[SourceQuality "1"]
[WhiteTeam "Austria"]
[BlackTeam "Finland"]
[WhiteTeamCountry "AUT"]
[BlackTeamCountry "FIN"]
[TimeControl "40/5400+30:1800+30"]

1. Nf3 d5 2. d4 Nf6 3. c4 e6 4. Nc3 b6 5. Bg5 Be7 6. cxd5 exd5 7. e3 O-O 8. Bd3 Bb7 9. O-O Nbd7 10. Rc1 c6 11. Qc2 h6 12. Bh4 Re8 13. Rfe1 Ne4 14. Bxe4 Bxh4 15. Bf5 Be7 16. Rcd1 Nf6 17. Ne5 Qd6 18. f4 Bc8 19. Bd3 Bd7 20. a3 a5 21. Rc1 Rec8 22. Red1 Bg4 23. Rf1 Bd7 24. Bf5 Bxf5 25. Qxf5 Qe6 26. Qxe6 fxe6 27. Na4 Rc7 28. Rxc6 Rxc6 29. Nxc6 b5 30. Nxe7+ Kf7 31. Nb6 Ra7 32. Nc6 Ra6 33. Ne5+ Ke8 34. Nc8 Ne4 35. Rc1 b4 36. a4 g5 37. Rc6 Rxc6 38. Nxc6 Kd7 39. N8a7 gxf4 40. exf4 Nd2 41. Ne5+ Kc7 42. Nac6 Kb6 43. g4 Nc4 44. Nxc4+ dxc4 45. Ne5 1-0

[Event "ESTCC 65 2019"]
[Site "Mali Losinj"]
[Date "2019.09.25"]
[Round "8.26"]
[White "Karppinen, Martti"]
[Black "Woeber, Friedrich"]
[Result "0-1"]
[ECO "C63"]
[WhiteElo "1925"]
[BlackElo "2126"]
[Annotator "NA"]
[PlyCount "84"]
[EventDate "2019.09.18"]
[EventType "team-tourn"]
[EventCountry "CRO"]
[SourceTitle "playchess.com"]
[Source "ChessBase"]
[SourceQuality "1"]
[WhiteTeam "Finland"]
[BlackTeam "Austria"]
[WhiteTeamCountry "FIN"]
[BlackTeamCountry "AUT"]
[TimeControl "40/5400+30:1800+30"]

1. e4 e5 2. Nf3 Nc6 3. Bb5 f5 4. d3 fxe4 5. dxe4 Nf6 6. Bg5 d6 7. Nc3 Be7 8. Bxf6 Bxf6 9. Nd5 O-O 10. Nxf6+ Qxf6 11. c3 Bg4 12. Be2 Ne7 13. h3 Be6 14. Qd2 h6 15. Qe3 Ng6 16. O-O Nf4 17. Kh2 Bxh3 18. gxh3 Nxe2 19. Qxe2 Qxf3 20. Qxf3 Rxf3 21. Rad1 Rf4 22. f3 Raf8 23. Kg2 g5 24. Rf2 Kg7 25. Kg3 Kg6 26. Rdd2 R8f6 27. Rd3 h5 28. Rd1 g4 29. hxg4 hxg4 30. Rdf1 Rxf3+ 31. Rxf3 Rxf3+ 32. Rxf3 gxf3 33. Kxf3 c6 34. Ke3 d5 35. b4 b5 36. Kf3 Kg5 37. Ke3 Kg4 38. exd5 cxd5 39. Kd3 Kf3 40. a3 a6 41. Kd2 Kf2 42. Kd3 e4+ 0-1

[Event "ESTCC 65 2019"]
[Site "Mali Losinj"]
[Date "2019.09.25"]
[Round "8.27"]
[White "Titz, Heimo"]
[Black "Patola, Eero"]
[Result "1/2-1/2"]
[ECO "A88"]
[WhiteElo "1971"]
[BlackElo "1798"]
[Annotator "NA"]
[PlyCount "90"]
[EventDate "2019.09.18"]
[EventType "team-tourn"]
[EventCountry "CRO"]
[SourceTitle "playchess.com"]
[Source "ChessBase"]
[SourceQuality "1"]
[WhiteTeam "Austria"]
[BlackTeam "Finland"]
[WhiteTeamCountry "AUT"]
[BlackTeamCountry "FIN"]
[TimeControl "40/5400+30:1800+30"]

1. c4 f5 2. Nf3 Nf6 3. Nc3 g6 4. g3 Bg7 5. Bg2 O-O 6. O-O d6 7. d4 c6 8. Qd3 Qe8 9. d5 c5 10. b3 Na6 11. Bb2 Bd7 12. Rac1 Nc7 13. a4 a6 14. a5 Rb8 15. Ra1 b6 16. axb6 Rxb6 17. Nd2 Qf7 18. Na4 Rbb8 19. Bc3 Nfe8 20. Bxg7 Kxg7 21. Qc3+ Qf6 22. Qxf6+ Nxf6 23. Nc3 e6 24. dxe6 Bxe6 25. Ra3 Rfd8 26. Rc1 d5 27. cxd5 Nfxd5 28. Nxd5 Nxd5 29. Rxa6 Nc7 30. Ra7 Rxd2 31. Rxc7+ Kh6 32. Bf3 Bxb3 33. R7xc5 Rd1+ 34. Kg2 Rxc1 35. Rxc1 Rd8 36. h4 Rd2 37. Rc7 Bd5 38. Bxd5 Rxd5 39. f3 Re5 40. Kf2 Re6 41. Rf7 Re5 42. Rc7 Re6 43. g4 fxg4 44. fxg4 g5 45. h5 Rxe2+ 1/2-1/2

[Event "ESTCC 65 2019"]
[Site "Mali Losinj"]
[Date "2019.09.25"]
[Round "8.28"]
[White "Ristoja, Aulikki"]
[Black "Strobel, Ferdinand"]
[Result "0-1"]
[ECO "A86"]
[WhiteElo "1558"]
[BlackElo "1956"]
[Annotator "NA"]
[PlyCount "72"]
[EventDate "2019.09.18"]
[EventType "team-tourn"]
[EventCountry "CRO"]
[SourceTitle "playchess.com"]
[Source "ChessBase"]
[SourceQuality "1"]
[WhiteTeam "Finland"]
[BlackTeam "Austria"]
[WhiteTeamCountry "FIN"]
[BlackTeamCountry "AUT"]
[TimeControl "40/5400+30:1800+30"]

1. d4 f5 2. g3 g6 3. Bg2 Bg7 4. c4 Nf6 5. Nc3 O-O 6. h4 c6 7. Nh3 d6 8. d5 e5 9. Bg5 h6 10. Bxf6 Qxf6 11. Qd2 c5 12. Nb5 Qe7 13. O-O Na6 14. a3 Nc7 15. Nc3 Bd7 16. a4 a5 17. e3 g5 18. hxg5 hxg5 19. f4 exf4 20. gxf4 g4 21. Nf2 Na6 22. Nh1 Nb4 23. Ne2 Rae8 24. Ra3 Kf7 25. Re1 Qf6 26. Nc3 Qh4 27. Nb5 Bxb5 28. axb5 Nc2 29. Re2 Nxa3 30. bxa3 b6 31. Bf1 Rh8 32. Rg2 Qxh1+ 33. Kf2 Qh4+ 34. Ke2 Bd4 35. Qc2 Rxe3+ 36. Kd2 Qe1# 0-1

[Event "ESTCC 65 2019"]
[Site "Mali Losinj"]
[Date "2019.09.25"]
[Round "8.29"]
[White "Kolbak, Jens"]
[Black "Vadlja, Stjepan"]
[Result "1-0"]
[ECO "C62"]
[WhiteElo "2173"]
[BlackElo "1636"]
[Annotator "NA"]
[PlyCount "72"]
[EventDate "2019.09.18"]
[EventType "team-tourn"]
[EventCountry "CRO"]
[SourceTitle "playchess.com"]
[Source "ChessBase"]
[SourceQuality "1"]
[WhiteTeam "Denmark"]
[BlackTeam "Croatia"]
[WhiteTeamCountry "DEN"]
[BlackTeamCountry "CRO"]
[TimeControl "40/5400+30:1800+30"]

1. e4 e5 2. Nf3 Nc6 3. Bb5 d6 4. d4 exd4 5. Nxd4 Bd7 6. O-O Nxd4 7. Bxd7+ Qxd7 8. Qxd4 Ne7 9. Nc3 Nc6 10. Qd3 Be7 11. Nd5 O-O 12. Bd2 Ne5 13. Qg3 Bd8 14. Bc3 Qe6 15. f4 c6 16. fxe5 cxd5 17. exd5 Qxd5 18. exd6 Qg5 19. Rf3 Qxg3 20. Rxg3 g6 21. Rd1 f5 22. Bd4 Rf7 23. c4 b6 24. Be5 Rd7 25. b4 Rc8 26. Rc3 Kf7 27. Kf1 Ke6 28. Re1 Kf7 29. g3 Bg5 30. Re2 Re8 31. c5 Rxe5 32. Rxe5 Bf6 33. c6 Bxe5 34. cxd7 Bf6 35. Rc8 Ke6 36. d8=Q Kd5 1-0

[Event "ESTCC 65 2019"]
[Site "Mali Losinj"]
[Date "2019.09.25"]
[Round "8.31"]
[White "Mortensen, Steen Juul"]
[Black "Novak, Stjepan"]
[Result "1-0"]
[ECO "D40"]
[WhiteElo "1892"]
[BlackElo "1503"]
[Annotator "NA"]
[PlyCount "113"]
[EventDate "2019.09.18"]
[EventType "team-tourn"]
[EventCountry "CRO"]
[SourceTitle "playchess.com"]
[Source "ChessBase"]
[SourceQuality "1"]
[WhiteTeam "Denmark"]
[BlackTeam "Croatia"]
[WhiteTeamCountry "DEN"]
[BlackTeamCountry "CRO"]
[TimeControl "40/5400+30:1800+30"]

1. d4 c5 2. e3 e6 3. Nf3 Nf6 4. c4 Nc6 5. Nc3 d5 6. Bd3 cxd4 7. exd4 Be7 8. O-O O-O 9. Re1 dxc4 10. Bxc4 Bb4 11. a3 Bxc3 12. bxc3 Na5 13. Bd3 h6 14. Qe2 Bd7 15. Bb2 Rc8 16. c4 b6 17. Nd2 Bc6 18. Bc3 Nb7 19. Bb4 Re8 20. Qe5 Ng4 21. Qf4 Qg5 22. Qxg5 hxg5 23. Ne4 f6 24. h3 Nh6 25. g4 Nf7 26. Rac1 Bxe4 27. Bxe4 Nbd6 28. Bd3 Nb7 29. Bd2 Nbd6 30. c5 bxc5 31. dxc5 Nb7 32. c6 Nbd8 33. c7 Ne5 34. cxd8=Q Nf3+ 35. Kg2 Nxe1+ 36. Rxe1 Rcxd8 37. Bb5 Rxd2 38. Bxe8 e5 39. Re3 Kf8 40. Bg6 Ke7 41. Bf5 Rd4 42. Rd3 Rxd3 43. Bxd3 Kd6 44. Kf3 Kd5 45. Ke3 a5 46. a4 e4 47. Bxe4+ Ke5 48. f3 Ke6 49. Kd4 Kd6 50. Kc4 Ke5 51. Kb5 Kf4 52. Kxa5 Kg3 53. Kb4 Kxh3 54. a5 Kg3 55. a6 g6 56. Bxg6 Kxf3 57. Bf5 1-0

[Event "ESTCC 65 2019"]
[Site "Mali Losinj"]
[Date "2019.09.25"]
[Round "8.32"]
[White "Petanjek, Zvonko"]
[Black "Andersson, Finn"]
[Result "1/2-1/2"]
[ECO "B20"]
[WhiteElo "1650"]
[BlackElo "1771"]
[Annotator "NA"]
[PlyCount "61"]
[EventDate "2019.09.18"]
[EventType "team-tourn"]
[EventCountry "CRO"]
[SourceTitle "playchess.com"]
[Source "ChessBase"]
[SourceQuality "1"]
[WhiteTeam "Croatia"]
[BlackTeam "Denmark"]
[WhiteTeamCountry "CRO"]
[BlackTeamCountry "DEN"]
[TimeControl "40/5400+30:1800+30"]

1. e4 c5 2. Nc3 Nc6 3. Bc4 e6 4. d3 g6 5. a3 Bg7 6. Rb1 Nge7 7. Nf3 O-O 8. Bd2 a6 9. O-O b5 10. Ba2 Qc7 11. Ne2 Bb7 12. Bf4 e5 13. Be3 Nd4 14. Nexd4 cxd4 15. Bd2 d6 16. Rc1 Qd7 17. Bg5 Nc6 18. Qd2 Nd8 19. c3 d5 20. exd5 Bxd5 21. Bxd5 Qxd5 22. cxd4 exd4 23. Bh6 Ne6 24. Bxg7 Kxg7 25. Rc2 Rac8 26. Rfc1 Rc5 27. Rxc5 Nxc5 28. Re1 Ne6 29. Rc1 Nc5 30. Re1 Ne6 31. Rc1 1/2-1/2

[Event "ESTCC 65 2019"]
[Site "Mali Losinj"]
[Date "2019.09.26"]
[Round "9.1"]
[White "Rooze, Jan"]
[Black "Balashov, Yuri S"]
[Result "0-1"]
[ECO "B52"]
[WhiteElo "2281"]
[BlackElo "2466"]
[Annotator "ChessBase"]
[PlyCount "128"]
[EventDate "2019.09.18"]
[EventType "team-tourn"]
[EventCountry "CRO"]
[SourceTitle "playchess.com"]
[Source "ChessBase"]
[SourceQuality "1"]
[WhiteTeam "Belgium"]
[BlackTeam "Russia"]
[WhiteTeamCountry "BEL"]
[BlackTeamCountry "RUS"]
[TimeControl "40/5400+30:1800+30"]

1. e4 c5 2. Nf3 d6 3. Bb5+ Bd7 4. Bxd7+ Nxd7 5. O-O Ngf6 6. Qe2 e6 7. b3 Be7 8. Bb2 O-O 9. c4 Re8 10. Nc3 Ne5 11. Rad1 a6 12. d4 cxd4 13. Nxd4 Qb6 14. Kh1 Nc6 15. Nxc6 Qxc6 16. Rd3 b5 17. f4 bxc4 18. bxc4 Qxc4 19. e5 Nd5 20. exd6 Bxd6 21. Ne4 Bf8 22. Rc1 Qb5 23. a4 Nxf4 24. Nf6+ Kh8 25. axb5 Nxe2 26. Nxe8 Nxc1 27. Bxc1 axb5 28. Nd6 Ra1 29. Rc3 b4 30. Rc8 Kg8 31. g3 Rxc1+ 32. Rxc1 Bxd6 33. Rc8+ Bf8 34. Kg2 h5 35. Kf3 f6 36. h3 Kf7 37. g4 hxg4+ 38. hxg4 Bd6 39. Ra8 f5 40. Ra6 Be5 41. Rb6 Bc3 42. gxf5 exf5 43. Kf4 g6 44. Rb7+ Kf6 45. Rb6+ Kg7 46. Rb7+ Kh6 47. Rb6 Kh5 48. Rb5 Kh4 49. Rb6 Bd2+ 50. Kf3 Kg5 51. Rd6 Bc3 52. Rb6 Kh6 53. Rb5 Kg7 54. Rb7+ Kf6 55. Rb6+ Kf7 56. Kf4 Bd2+ 57. Ke5 Kg7 58. Ke6 f4 59. Rd6 Bc3 60. Rd3 Kh6 61. Kd5 Kh5 62. Ke4 g5 63. Kf5 Kh4 64. Rd7 f3 0-1